 Dungeon Crawl Stone Soup version 0.23.2-1-ga50397a (webtiles) character file.

Game seed: 17300792889541262451

105 funkygono the Cudgeler (level 4, -5/35 HPs)
             Began as a Demonspawn Monk on May 18, 2019.
             Killed from afar by an orc wizard (6 damage)
             ... with a magic dart
             ... on level 3 of the Dungeon.
             The game lasted 00:05:04 (2016 turns).

funkygono the Cudgeler (Demonspawn Monk)            Turns: 2016, Time: 00:05:05

Health: -5/35      AC:  5    Str: 11 (12) XL:     4   Next: 53%
Magic:  4/4        EV: 13    Int:  9 (12) God:
Gold:   77         SH:  0    Dex: 13 (15) Spells: 3/3 levels left

rFire    . . .     SeeInvis .   a - +0 mace
rCold    . . .     Gourm    .   (no shield)
rNeg     . . .     Faith    .   b - +0 robe
rPois    .         Spirit   .   (no helmet)
rElec    .         Reflect  .   i - +0 cloak
rCorr    .         Harm     .   (no gloves)
MR       .....                  (no boots)
Stlth    ++........             (no amulet)
HPRegen  0.11/turn              (no ring)
MPRegen  0.09/turn              (no ring)

@: flying
A: thin metallic scales 1, powered by death 1
a: no special abilities


You were on level 3 of the Dungeon.
You were hungry.

You visited 1 branch of the dungeon, and saw 3 of its levels.

You collected 77 gold pieces.

Inventory:

Hand Weapons
 a - a +0 mace (weapon)
Armour
 b - a +0 robe (worn)
 i - a +0 cloak (worn)
Wands
 j - a wand of iceblast (6)
Scrolls
 e - a scroll of amnesia
 g - a scroll of fear
Potions
 k - a potion of mutation
Comestibles
 c - 3 rations


   Skills:
 + Level 3.5 Fighting
 + Level 3.9 Maces & Flails
 + Level 3.2 Dodging
 + Level 2.2 Stealth


You had 3 spell levels left.
You didn't know any spells.
Your spell library was empty.

Dungeon Overview and Level Annotations

Branches:
Dungeon (3/15)

Altars:


Innate Abilities, Weirdness & Mutations

You are partially covered in thin metallic scales. (AC +2)
You regenerate a little health from kills.


Message History

You hit the orc wizard but do no damage.
The orc wizard points at you and mumbles some strange words.
You resist with some effort.
The orc wizard gestures at you while chanting.
The magic dart hits you.
* * * LOW HITPOINT WARNING * * *
You closely miss the orc wizard.
The orc wizard hits you but does no damage. x2
You barely miss the orc wizard.
The orc wizard hits you with a +0 dagger.
* * * LOW HITPOINT WARNING * * *
The orc wizard barely misses you.
The orc wizard is no longer moving quickly.
The orc wizard mumbles some strange words.
The orc wizard seems to speed up.
You feel very buoyant.
You fly up into the air.
The orc wizard points at you and mumbles some strange words.
The magic dart hits you.
You die...

#.# #.## #### #.# #.# #...
#.# #.# #... #.# #.# #...
#.# #.# #.ยง.#####
#######.####.## #...#...
...............
#...#.##############.###.#.
#...'..)oo@...........##.#.
#...############......##.#.
#### #.####.##.#.
#....#.##.#. ####.#....#.
#.######. #........
#########


You could see an orc wizard and an orc.

Vanquished Creatures
  An orc wizard (D:3)
  An adder (D:2)
  2 oozes
  A worm (D:2)
  2 dart slugs
  3 leopard geckos
  2 orcs (D:3)
  A ball python (D:3)
  3 giant cockroaches
  7 goblins
  2 hobgoblins
  4 jackals (D:1)
  3 kobolds
  3 bats
  5 frilled lizards
  7 rats
47 creatures vanquished.

Notes
Turn   | Place    | Note
-------+----------+-------------------------------------------
     0 | D:1      | funkygono the Demonspawn Monk began the quest for the Orb.
     0 | D:1      | Reached XP level 1. HP: 18/18 MP: 1/1
    82 | D:1      | Gained mutation: You are partially covered in thin metallic
                  | scales. (AC +2) [demonic ancestry]
    82 | D:1      | Reached XP level 2. HP: 7/24 MP: 2/2
   760 | D:1      | Reached XP level 3. HP: 28/29 MP: 3/3
  1817 | D:2      | Gained mutation: You regenerate a little health from kills.
                  | [demonic ancestry]
  1817 | D:2      | Reached XP level 4. HP: 14/35 MP: 4/4
  2013 | D:3      | HP: 1/35 [orc wizard/+0 dagger (2)]
  2016 | D:3      | Killed from afar by an orc wizard

Skill      XL: |  1  2  3 |
---------------+----------+-----
Maces & Flails | 3 |  3.9
Dodging        | 3 |  3.2
Stealth        | 2 |  2.2
Fighting       | |  3.5

Action                   |  1- 3 |  4- 6 || total
-------------------------+-------+-------++-------
Melee: Mace              |   157 |    28 ||   185
  Use: Scroll            |     2 |     2 ||     4
       Potion            |       |     2 ||     2
 Stab: Sleeping          |     7 |       ||     7
  Eat: Chunk             |     3 |       ||     3
Armor: Robe              |    45 |     6 ||    51
Dodge: Dodged            |   133 |    22 ||   155
